 Dungeon Crawl Stone Soup version 0.29.1-13-g9f3cf754e1 (webtiles) character file.

Game seed: 11941155209769020351

114 unlimited1921 the Magician (level 5, -2/35 HPs)
             Began as a Djinni Fire Elementalist on Feb 1, 2023.
             Frozen to death by an endoplasm (6 damage)
             ... on level 3 of the Dungeon.
             The game lasted 00:08:40 (3536 turns).

unlimited1921 the Magician (DjFE)                   Turns: 3536, Time: 00:08:41

Health: -2/35      AC:  3    Str:  7    XL:     5   Next: 19%
Gold:   98         EV:  6    Int: 18    God:
                   SH:  0    Dex: 14

rFire   + + .      SeeInvis .   q - +2 hand axe (vamp)
rCold   x . .      Faith    .   (no shield)
rNeg    . . .      Spirit   .   a - +0 robe
rPois   ∞          Reflect  .   e - +0 helmet
rElec   .          Harm     .   (no cloak)
rCorr   .          Rampage  .   (no gloves)
Will    .....                   (boots unavailable)
Stlth   ++........              (no amulet)
HPRegen 0.11/turn               (no ring)
MPRegen 0.00/turn               (no ring)

@: flying, very slightly contaminated, held
A: sickness immunity, fire resistance 2, cold vulnerability 1, float, innate
caster, HP casting, extra vitality 1
a: no special abilities


You were on level 3 of the Dungeon.
You visited 1 branch of the dungeon, and saw 3 of its levels.

You collected 98 gold pieces.

Inventory:

Hand Weapons
 f - a +1 short sword of electrocution
 g - a +0 whip of freezing
 m - a +1 dagger of venom
 q - a +2 vampiric hand axe (weapon)
Armour
 a - a +0 robe (worn)
 e - a +0 helmet (worn)
 r - a +0 leather armour
Scrolls
 b - 3 scrolls of identify {unknown}
 h - a scroll of enchant armour {unknown}
 i - a scroll of immolation {unknown}
 p - 4 scrolls of poison {unknown}
Potions
 c - a potion of cancellation {unknown}
 d - 3 potions of lignification {unknown}
 j - a potion of flight {unknown}
 k - a potion of heal wounds {unknown}
 l - a potion of degeneration {unknown}
 n - a potion of magic {unknown}
 o - a potion of resistance {unknown}


   Skills:
 + Level 0.1 Short Blades
 + Level 2.5 Dodging
 + Level 2.4 Stealth
 + Level 3.8 Spellcasting


You couldn't memorise any spells.
You knew the following spells:

 Your Spells              Type           Power      Damage    Failure   Level
a - Foxfire               Conj/Fire      68%        2x1d7     3%          1
b - Scorch                Fire           34%        2d6       4%          2
c - Conjure Flame         Conj/Fire      17%        6-21      10%         3
d - Inner Flame           Hex/Fire       17%        N/A       10%         3
e - Flame Wave            Conj/Fire      17%        2d7       30%         4
f - Magic Dart            Conj           68%        1d6       3%          1
g - Static Discharge      Conj/Air       17%        3-6/arc   4%          2
Your spell library was empty.

Dungeon Overview and Level Annotations

Branches:
Dungeon (3/15)

Altars:


Innate Abilities, Weirdness & Mutations

You are immune to sickness and miasma.
You are immune to poison.
Your flesh is very heat resistant. (rF++)
You are vulnerable to cold. (rC-)
You float through the air rather than walking.
You learn spells naturally, not from books.
Your magical power is your life essence.
You have superior vitality. (+4 MHP)


Message History

Confirm with . or Enter, or press ? or * to list all spells.
The spell is quite dangerous to miscast (10% risk of failure)!
Continue anyway?
Aiming: Inner Flame (quite dangerous; 10% risk of failure)
Press: ? - help, Dir - move target, f/p - ball python
Aim: a ball python (chance to affect: 84%)
You miscast Inner Flame.
You are very lightly contaminated with residual magic.
Nothing appears to happen.
The gnoll throws a throwing net.
The throwing net hits you.
You become entangled in the net!
You miscast Foxfire.
Nothing appears to happen.
The ball python bites you but does no damage.
The ball python grabs you. The ball python constricts you.
You conjure some foxfire!
The ball python bites you. The ball python constricts you.
The gnoll hits you with a +0 club.
The ball python bites you but does no damage.
The ball python constricts you.
You conjure some foxfire!
The foxfire hits the ball python.
The ball python is severely wounded.
The foxfire hits the ball python.
You kill the ball python!
The gnoll hits you from afar with a +0 halberd.
The gnoll barely misses you.
You struggle against the net.
The foxfire hits the gnoll!
The gnoll is heavily wounded.
The gnoll hits you with a +0 club.
* * * LOW HITPOINT WARNING * * *
The endoplasm hits you but does no damage.
The gnoll hits you but does no damage. The gnoll closely misses you.
Casting: Foxfire (safe; 3% risk of failure)
Confirm with . or Enter, or press ? or * to list all spells.
Flames lash the gnoll.
The gnoll is moderately wounded.
The gnoll's fire resistance burns away.
* * * LOW HITPOINT WARNING * * *
The gnoll closely misses you. The gnoll barely misses you.
The gnoll hits you with a +0 club.
* * * LOW HITPOINT WARNING * * *
The endoplasm freezes you.
You are frozen.
You feel a terrible chill!
You die...

########.##........##.#....
.........######....##.#....
########....# #.#..##.##'#.
.......'....+ .........#...
########....# #.#.#..###.##
####....####.#........##
#.............###..#..##
.........####### ##>.....
##.#...g@# ######.
...#...Jg# #. ## #...gg# #.
#.....# #. #.....# #.
#.....# #. ....#### +.
..... #. ..... ..


You could see 4 gnolls and an endoplasm.

Vanquished Creatures
  An orc priest (D:3)
  A gnoll (D:3)
  An adder (D:2)
  3 dart slugs
  4 orcs (D:3)
  A bat (D:2)
  2 endoplasms
  3 goblins (D:2)
  7 hobgoblins
  6 jackals
  5 quokkas
  3 ball pythons
  3 frilled lizards
  9 kobolds
  3 rats (D:3)
52 creatures vanquished.

Vanquished Creatures (others)
  162 foxfires
162 creatures vanquished.

Grand Total: 214 creatures vanquished

Notes
Turn   | Place    | Note
-------+----------+-------------------------------------------
     0 | D:1      | unlimited1921 the Djinni Fire Elementalist began the quest
                  | for the Orb.
     0 | D:1      | unlimited1921 set off with the following spells memorised:
                  | Foxfire, Scorch, Conjure Flame, Inner Flame, Flame Wave.
     0 | D:1      | Reached XP level 1. HP: 15/15 MP: 0/0
   167 | D:1      | Reached XP level 2. HP: 17/21 MP: 0/0
   405 | D:1      | Reached skill level 3 in Spellcasting
   622 | D:1      | Reached XP level 3. HP: 23/25 MP: 0/0
   622 | D:1      | Learned a level 1 spell: Magic Dart
  1772 | D:2      | Reached XP level 4. HP: 28/31 MP: 0/0
  3091 | D:3      | Reached XP level 5. HP: 31/35 MP: 0/0
  3091 | D:3      | Learned a level 2 spell: Static Discharge
  3536 | D:3      | Frozen to death by an endoplasm

Illustrated notes

Levels and vault maps discovered:
D:1:      wander_arrival_desolate, layout_rooms, minmay_misc_feat_rows,
          st_stairs_11, minmay_misc_feat_encased
D:2:      layout_basic
D:3:      layout_basic, serial_shops, nicolae_shop_statue_plus

Skill      XL: |  1  2  3 |
---------------+----------+-----
Spellcasting   | 3 |  3.8
Stealth        | 2 |  2.4
Short Blades   | |  0.1
Dodging        | |  2.5

Action                   |  1- 3 |  4- 6 || total
-------------------------+-------+-------++-------
Melee: Short sword       |     6 |       ||     6
 Cast: Foxfire           |    62 |    39 ||   101
       Scorch            |     4 |     3 ||     7
       Inner Flame       |       |     2 ||     2
 Stab: Sleeping          |     1 |       ||     1
Armor: Robe              |     2 |     4 ||     6
Dodge: Dodged            |     3 |     4 ||     7
